 Dungeon Crawl Stone Soup version 0.16.1-14-g82efdee (webtiles) character file.

452 hulla the Changer (level 7, -4/38 HPs)
             Began as an Octopode Transmuter on Apr 13, 2015.
             Slain by karvarausku's ghost (5 damage)
             ... on level 4 of the Dungeon.
             The game lasted 00:24:38 (4969 turns).

hulla the Changer (Octopode Transmuter)             Turns: 4969, Time: 00:24:39

Health: -4/38      AC:  3    Str:  9    XL:     7   Next: 4%
Magic:  12/12      EV: 13    Int: 18    God:
Gold:   248        SH:  2    Dex: 10    Spells: 4 memorised, 0 levels left

rFire  . . .     SeeInvis .       - Unarmed
rCold  . . .     Clarity  .     (no shield)
rNeg   . . .     SustAb   .     (helmet restricted)
rPois  +         Gourm    .     m - amulet of stasis
rElec  .         Spirit   .     f - ring of poison resistance
rCorr  .         Warding  .     h - ring of wizardry
rMut   .         Stasis   +     (no ring)
MR     .....                    (no ring)
Stlth  ++........               (no ring)
                                (no ring)
                                (no ring)
                                (no ring)

@: not resistant to hostile enchantments, unstealthy
A: almost no armour, amphibious, 8 rings, constrict 8, tentacle spike 1, large
bone plates 1, camouflage 1, clumsy 1, deformed body, frail 1, poison
resistance, gelatinous body 1
a: no special abilities


You were on level 4 of the Dungeon.
You were hungry.

You visited 2 branches of the dungeon, and saw 5 of its levels.
You also visited: Sewer.

You collected 248 gold pieces.

Inventory:

Missiles
 b - 34 arrows
 e - 109 stones (quivered)
 s - 15 exploding sling bullets
Jewellery
 f - a ring of poison resistance (left tentacle)
 h - a ring of wizardry (right tentacle)
 i - an uncursed amulet of guardian spirit
 m - an amulet of stasis (around mantle)
Magical devices
 l - a wand of fireball (3)
Scrolls
 c - 5 scrolls of teleportation
 g - a scroll of remove curse
 k - a scroll of blinking {unknown}
 p - a scroll of fog {unknown}
 t - a scroll of identify {unknown}
Potions
 r - 4 potions of flight
Books
 d - a book of Changes

   Spells                             Type                      Level
   a - Beastly Appendage              Transmutation                1
   b - Sticks to Snakes               Transmutation                2
   c - Spider Form                    Transmutation/Poison         3
   d - Ice Form                       Ice/Transmutation            4
   e - Blade Hands                    Transmutation                5
Comestibles
 a - 2 bread rations
 j - 2 meat rations
 n - a slice of pizza
 o - a beef jerky
 q - a royal jelly


   Skills:
 - Level 1.0 Fighting
 - Level 4.2 Dodging
 - Level 3.0 Unarmed Combat
 + Level 2.0 Spellcasting
 + Level 5.7 Transmutations
 - Level 2.6 Poison Magic


You couldn't memorise any spells.
You knew the following spells:

 Your Spells              Type           Power        Failure   Level  Hunger
a - Beastly Appendage     Trmt           ###...       1%          1    #......
b - Spider Form           Trmt/Pois      ###.......   4%          3    ###....
c - Sticks to Snakes      Trmt           ###.......   1%          2    ###....
d - Ice Form              Ice/Trmt       ##......     34%         4    #####..


Dungeon Overview and Level Annotations

Branches:
Dungeon (4/15)             Temple (1/1) D:4

Altars:
Cheibriados
Dithmenos
Elyvilon
Fedhas
Gozag
Kikubaaqudgha
Nemelex Xobeh
Okawaru
Qazlal
Sif Muna
Trog
Xom
Yredelemnul
Zin
The Shining One

Annotations:
D:3 hulla's ghost, average OpTm
D:4 Sigmund; karvarausku's ghost, experienced HaHu


Innate Abilities, Weirdness & Mutations

You cannot wear most types of armour.
You are amphibious.
You can wear up to eight rings at the same time.
You can use your tentacles to constrict many enemies at once.
Your skin changes colour to match your surroundings (Stealth).
Your rubbery body absorbs attacks (AC +1).
One of your tentacles bears a spike.
You are partially covered in large bone plates (AC +2, SH +2).
You are clumsy. (Dex -2)
Your body is misshapen.
You are frail (-10% HP).
Your system is resistant to poisons.


Message History

You hear a zap.
Something tries to affect you, but you resist.
A puff of flame appears from out of thin air!
The puff of flame hits karvarausku's ghost.
Karvarausku's ghost is burned terribly!
You're too confused!
You're too confused!
You're too confused to move!
The kobold shoots a poisoned needle.
The poisoned needle barely misses you.
You hear a zap.
Something tries to affect you, but you resist.
Karvarausku's ghost hits you.
* * * LOW HITPOINT WARNING * * *
You miss karvarausku's ghost.
Your squeeze misses karvarausku's ghost.
Karvarausku's ghost is moderately damaged.
You feel less confused.
The kobold shoots a poisoned needle.
The poisoned needle barely misses you. Karvarausku's ghost hits you.
You die...

.##........!...........######
. ##..............(..(......#
. .##.. ........##......#.. .
......# #..(.### . .......#
##K..## #.#.... ##...##
#.#### ##..### #.## ##..##
##..# ##@W## ####
##...###((##
#..#####........##
................#
..######.......## .##
###.....# ..### #.P....#
....#####.P.PP.#
##......#.P>.P##


You could see karvarausku's ghost and a kobold.

Vanquished Creatures
  A scorpion (D:4)
  A hound (D:4)
  Natasha (D:3)
  A siren (Sewer)
  A worker ant (D:4)
  A merfolk avatar (Sewer)
  Jessica (D:2)
  A hound zombie (D:4)
  A worker ant zombie (D:4)
  10 adders
  3 giant mites (Sewer)
  A worm (D:3)
  An ooze (D:1)
  5 orcs
  3 ball pythons
  A bat zombie (D:4)
  9 giant cockroaches
  12 goblins
  16 hobgoblins
  A quokka (D:3)
  13 bats
  10 giant newts
  4 jackals (D:3)
  9 kobolds
  32 rats
139 creatures vanquished.

Notes
Turn   | Place    | Note
--------------------------------------------------------------
     0 | D:1      | hulla, the Octopode Transmuter, began the quest for the Orb.
     0 | D:1      | Reached XP level 1. HP: 13/13 MP: 3/3
   257 | D:1      | Reached XP level 2. HP: 9/18 MP: 2/4
   945 | D:1      | Reached XP level 3. HP: 23/23 MP: 6/6
   950 | D:1      | Learned a level 3 spell: Spider Form
   953 | D:1      | Learned a level 2 spell: Sticks to Snakes
  1629 | D:2      | Reached skill level 1 in Poison Magic
  1738 | D:2      | Noticed Jessica
  1751 | D:2      | Killed Jessica
  1751 | D:2      | Reached XP level 4. HP: 25/28 MP: 3/7
  1809 | D:2      | Reached skill level 4 in Transmutations
  1954 | D:2      | Gained mutation: One of your tentacles bears a spike. [potion of mutation]
  1954 | D:2      | Gained mutation: You are partially covered in large bone plates (AC +2, SH +2). [potion of mutation]
  1954 | D:2      | Gained mutation: You are frail (-10% HP). [potion of mutation]
  2096 | D:3      | Gained mutation: Your system is resistant to poisons. [potion of mutation]
  2096 | D:3      | Gained mutation: You are clumsy. (Dex -2) [potion of mutation]
  2096 | D:3      | Gained mutation: Your body is misshapen. [potion of mutation]
  2266 | D:3      | Noticed hulla's ghost (average OpTm)
  2380 | D:3      | Found an ancient bone altar of Kikubaaqudgha.
  2531 | D:3      | Reached XP level 5. HP: 23/29 MP: 9/9
  2654 | D:3      | Found a glowing drain.
  2706 | Sewer    | Entered a sewer
  3193 | Sewer    | Reached skill level 5 in Transmutations
  3257 | Sewer    | Reached XP level 6. HP: 28/34 MP: 10/10
  4009 | D:4      | Noticed Natasha
  4028 | D:3      | Killed Natasha
  4502 | D:4      | Found a staircase to the Ecumenical Temple.
  4509 | D:4      | Reached XP level 7. HP: 32/38 MP: 9/12
  4515 | D:4      | Learned a level 4 spell: Ice Form
  4522 | Temple   | Entered the Ecumenical Temple
  4936 | D:4      | Noticed Sigmund
  4947 | D:4      | Noticed karvarausku's ghost (experienced HaHu)
  4967 | D:4      | HP: 1/38 [karvarausku's ghost (4)]
  4969 | D:4      | Slain by karvarausku's ghost

Action                   |  1- 3 |  4- 6 |  7- 9 || total
-------------------------+-------+-------+-------++-------
Melee: Unarmed           |    80 |   261 |    14 ||   355
Throw: Stone             |     8 |     7 |       ||    15
 Cast: Beastly Appendage |    11 |     2 |       ||    13
       Spider Form       |     1 |    20 |     1 ||    22
       Sticks to Snakes  |       |     3 |       ||     3
       Ice Form          |       |       |     1 ||     1
 Abil: End Transformatio |       |     3 |       ||     3
  Use: Potion            |     2 |    10 |       ||    12
       Scroll            |       |     3 |       ||     3
 Stab: Sleeping          |     4 |     5 |       ||     9
  Eat: Chunk             |     3 |    12 |     1 ||    16
